 Dungeon Crawl Stone Soup version 0.21.1-1-g345015f (webtiles) character file.

1541 tidbits the Skirmisher (level 8, -6/60 HPs)
             Began as a Gnoll Wanderer on June 7, 2018.
             Was an Initiate of Cheibriados.
             Mangled by a two-headed ogre
             ... wielding a +0 giant spiked club
              (21 damage)
             ... on level 8 of the Dungeon.
             The game lasted 00:24:30 (1418 turns).

tidbits the Skirmisher (Gnoll Wanderer)             Turns: 1418, Time: 00:24:31

Health: -6/60      AC:  2    Str: 13    XL:     8   Next: 86%
Magic:  15/17      EV: 25    Int: 21    God:    Cheibriados [......]
Gold:   140        SH:  0    Dex: 20    Spells: 9/19 levels left

rFire    . . .     SeeInvis .     - Unarmed
rCold    . . .     Gourm    .   (shield currently unavailable)
rNeg     . . .     Faith    .   (armour currently unavailable)
rPois    x         Spirit   .   (helmet currently unavailable)
rElec    .         Reflect  .   (cloak currently unavailable)
rCorr    .         Harm     .   (gloves currently unavailable)
MR       .....                  (boots currently unavailable)
Stlth    +++.......             (no amulet)
HPRegen  0.60/turn              (no ring)
MPRegen  0.15/turn              (no ring)

@: spider-form (expiring), very slow
A: tiny, distributed training, repulsion field 1, blurry vision 1, frail 1,
regeneration 1, strong nose
a: End Transformation, Bend Time, Renounce Religion


You were on level 8 of the Dungeon.
You worshipped Cheibriados.
Cheibriados was noncommittal.
You were not hungry.
You were a venomous arachnid creature.
You visited 2 branches of the dungeon, and saw 9 of its levels.

You collected 140 gold pieces.

Inventory:

Hand Weapons
 a - a +2 spear
 d - a +1 dagger of venom
   (You took it off a goblin on level 3 of the Dungeon)
 g - a +1 rapier of protection
   (You took it off Duvessa on level 6 of the Dungeon)
 h - a +0 dagger
 i - a +0 hunting sling
 l - a +0 long sword
 n - a +0 war axe
 r - a -3 spear
 u - a +0 blowgun
 x - a +0 quarterstaff
 y - a +0 scythe
 z - a +1 dagger of venom
   (You took it off Dowan on level 6 of the Dungeon)
 D - a +0 longbow
 E - a +2 flail of holy wrath (melded)
   (You took it off Edmund on level 6 of the Dungeon)
Missiles
 j - 43 sling bullets
 o - 43 bolts
 q - 61 stones (quivered)
 v - 7 poisoned needles
Armour
 k - a +1 ring mail
 t - a +0 robe
 B - a +2 robe of positive energy (melded)
   (You took it off an orc wizard on level 6 of the Dungeon)
Jewellery
 F - an uncursed amulet of guardian spirit
   (You found it on level 6 of the Dungeon)
Wands
 w - a wand of random effects (24)
Scrolls
 c - a scroll of teleportation
 e - 2 scrolls of blinking
 p - a scroll of fog
 s - a scroll of noise
 G - a scroll of immolation
 I - a scroll of enchant armour
 J - a scroll of remove curse
Potions
 m - a potion of curing
 A - a potion of flight {unknown}
Books
 b - Suck's Reference Book on Transmutation

   Spells                             Type                      Level
   a - Sticks to Snakes               Transmutation                2
   b - Passwall                       Transmutation/Earth          2
 C - a book of Cantrips
   (You found it on level 6 of the Dungeon)

   Spells                             Type                      Level
   a - Confusing Touch                Hexes                        1
   b - Animate Skeleton               Necromancy                   1
   c - Summon Small Mammal            Summoning                    1
   d - Apportation                    Translocation                1
 H - a book of Changes
   (You found it on level 5 of the Dungeon)

   Spells                             Type                      Level
   a - Beastly Appendage              Transmutation                1
   b - Sticks to Snakes               Transmutation                2
   c - Spider Form                    Transmutation/Poison         3
   d - Ice Form                       Ice/Transmutation            4
   e - Blade Hands                    Transmutation                5
Comestibles
 f - 9 rations


   Skills:
 + Level 7.5 Fighting
 + Level 3.5 Short Blades
 + Level 3.5 Long Blades
 + Level 3.5 Axes
 + Level 3.5 Maces & Flails
 + Level 4.4 Polearms
 + Level 3.5 Staves
 + Level 3.5 Slings
 + Level 3.5 Bows
 + Level 3.5 Crossbows
 + Level 4.4 Throwing
 + Level 3.5 Armour
 + Level 4.4 Dodging
 + Level 4.3 Stealth
 + Level 3.5 Shields
 + Level 3.5 Unarmed Combat
 + Level 6.2 Spellcasting
 + Level 2.9 Conjurations
 + Level 3.7 Hexes
 + Level 2.9 Charms
 + Level 2.9 Summonings
 + Level 2.9 Necromancy
 + Level 2.9 Translocations
 + Level 2.9 Transmutations
 + Level 2.9 Fire Magic
 + Level 2.9 Ice Magic
 + Level 2.9 Air Magic
 + Level 2.9 Earth Magic
 + Level 2.9 Poison Magic
 + Level 3.9 Invocations
 + Level 3.5 Evocations


You had 9 spell levels left.
You knew the following spells:

 Your Spells              Type           Power        Failure   Level  Hunger
f - Spider Form           Tmut/Pois      ###.......   22%         3    #......
k - Sticks to Snakes      Tmut           ###.....     13%         2    None
n - Animate Skeleton      Necr           N/A          10%         1    None
p - Passwall              Tmut/Erth      ###.......   13%         2    None
t - Confusing Touch       Hex            ###...       8%          1    None
A - Apportation           Tloc           ###...       10%         1    None


Dungeon Overview and Level Annotations

Branches:
Dungeon (8/15)             Temple (1/1) D:7
   Lair: D:8-11

Altars:
Ashenzari
Cheibriados
Dithmenos
Fedhas
Gozag
Kikubaaqudgha
Okawaru
Ru
Sif Muna
Uskayaw
Wu Jian
Xom
The Shining One


Innate Abilities, Weirdness & Mutations

Your experience applies equally to all skills.
((You have very sharp teeth.))
Your uncanny sense of smell can sniff out nearby items.
You are surrounded by a mild repulsion field. (EV +2)
Scrolls take you a little longer to read.
You are frail. (-10% HP)
Your natural rate of healing is unusually fast.


Message History

There is an open door here.
You open the door.
Found a plate armour.
There is an open door here.
You see here a plate armour.
Found a scroll of remove curse.
You see here a scroll of remove curse.
J - a scroll of remove curse You see here a plate armour.
There is an open door here.
There is a stone staircase leading down here.
You climb downwards.
There is a stone staircase leading up here.
Unknown command.
A shadow imp comes into view.
The shadow imp shouts, "Surrender, thou jarring milk-livered barnacle!"
You hear a bark!
Wield which item (- for none, * to show all)? (? for menu, Esc to quit)
Your +1 dagger of venom stops dripping with poison.
Your +2 flail of holy wrath softly glows with a divine radiance!
E - a +2 flail of holy wrath (weapon)
The shadow imp gestures at you.
You struggle to resist.
You closely miss the shadow imp.
The shadow imp hits you but does no damage.
You hit the shadow imp.
The shadow imp convulses.
The shadow imp is lightly wounded.
The shadow imp barely misses you.
You closely miss the shadow imp. You bite the shadow imp.
The shadow imp is moderately wounded.
The shadow imp barely misses you. The shadow imp gestures at you.
Pain shoots through your body!
You hit the shadow imp.
The shadow imp convulses.
The shadow imp is almost dead.
The shadow imp hits you.
You sock the shadow imp!
You kill the shadow imp!
Cheibriados appreciates the change of pace.
You open the door.
A two-headed ogre comes into view.
It is wielding a giant spiked club and a dire flail.
The two-headed ogre shouts in stereo!
Found a stone staircase leading down.
Cast which spell? (? or * to list)
Your hands begin to glow red.
Casting: Confusing Touch
Confirm with . or Enter, or press ? or * to list all spells.
Which direction?
Okay, then.
Unknown command.
Adjust (i)tems, (s)pells, or (a)bilities?
Adjust which spell?
Okay, then.
Unknown command.
Adjust (i)tems, (s)pells, or (a)bilities?
Adjust which spell? a - Spider Form Adjust to which letter? f - Spider Form
Casting: Passwall
Confirm with . or Enter, or press ? or * to list all spells.
You turn into a venomous arachnid creature.
Your +2 flail of holy wrath melds into your body.
Your +2 robe of positive energy melds into your body.
Your +2 flail of holy wrath stops glowing.
You feel less protected from negative energy.
You hit the two-headed ogre but do no damage.
The two-headed ogre appears confused.
You bite the two-headed ogre!
The two-headed ogre is poisoned.
The two-headed ogre is lightly wounded.
You hit the two-headed ogre but do no damage.
The two-headed ogre looks as sick as possible!
The two-headed ogre is lightly wounded.
The two-headed ogre seems less confused.
The two-headed ogre misses you.
The two-headed ogre completely misses you.
There is an open door here.
You hit the two-headed ogre.
The two-headed ogre looks as sick as possible!
The two-headed ogre is moderately wounded.
You completely miss the two-headed ogre.
The two-headed ogre is heavily wounded.
The two-headed ogre barely misses you.
The two-headed ogre hits you with a dire flail!
You hit the two-headed ogre.
The two-headed ogre looks as sick as possible!
The two-headed ogre is heavily wounded.
The two-headed ogre closely misses you.
The two-headed ogre hits you with a dire flail!
You hit the two-headed ogre.
The two-headed ogre looks as sick as possible!
The two-headed ogre is severely wounded.
The two-headed ogre hits you with a giant spiked club!!
* * * LOW HITPOINT WARNING * * *
The two-headed ogre hits you but does no damage.
You barely miss the two-headed ogre.
The two-headed ogre is severely wounded.
Your transformation is almost over.
The two-headed ogre hits you with a giant spiked club!!
You die...

.. ####### #.
####.#... #.
#......#
###.####......#
#...<........#
.....#.####....##
#.# #. ####.# ..
#.# .## #s# #.
#O..# # #.....#
#.......#
#.>.......#
+.........+
#.........#
##.......##


You could see a two-headed ogre.

Vanquished Creatures
  Prince Ribbit (D:6)
  Sigmund (D:6)
  Eustachio (D:6)
  Edmund (D:6)
  A phantom (D:6)
  A necrophage (D:5)
  2 ogres
  A big kobold (D:7)
  Dowan (D:6)
  A scorpion (D:4)
  A howler monkey (D:6)
  A crimson imp (D:5)
  3 hounds
  An orc priest (D:4)
  3 orc wizards
  A worker ant zombie (D:7)
  A shadow imp (D:8)
  A dart slug (D:4)
  A leopard gecko (D:1)
  7 orcs
  5 bats (D:1)
  3 giant cockroaches
  9 goblins
  3 jackals (D:6)
  A ball python (D:5)
  3 frilled lizards
  6 hobgoblin zombies (D:5)
  7 kobolds
  3 kobold skeletons (D:5)
  2 rats
73 creatures vanquished.

Vanquished Creatures (collateral kills)
  Duvessa (D:6)
  A bullfrog (D:6)
  A ball python (D:6)
  A giant cockroach (D:6)
  A hobgoblin zombie (D:5)
5 creatures vanquished.

Grand Total: 78 creatures vanquished

Notes
Turn   | Place    | Note
-------+----------+-------------------------------------------
     0 | D:1      | tidbits the Gnoll Wanderer began the quest for the Orb.
     0 | D:1      | tidbits set off with: a +2 spear, Suck's Reference Book on Transmutation, a scroll of teleportation, a +0 robe, a ration
     0 | D:1      | Reached XP level 1. HP: 23/23 MP: 6/6
     0 | D:1      | Identified Suck's Reference Book on Transmutation
    55 | D:1      | Reached skill level 2 in Hexes
    72 | D:1      | Reached XP level 2. HP: 29/29 MP: 7/7
   245 | D:1      | Reached XP level 3. HP: 35/35 MP: 9/9
   370 | D:3      | Reached skill level 5 in Spellcasting
   439 | D:4      | Learned a level 2 spell: Passwall
   442 | D:4      | Learned a level 2 spell: Sticks to Snakes
   465 | D:4      | Noticed a scorpion
   468 | D:4      | Found a sacrificial altar of Ru.
   474 | D:4      | Killed a scorpion
   474 | D:4      | Reached skill level 1 in Short Blades
   474 | D:4      | Reached skill level 1 in Long Blades
   474 | D:4      | Reached skill level 1 in Axes
   474 | D:4      | Reached skill level 1 in Maces & Flails
   474 | D:4      | Reached skill level 1 in Staves
   474 | D:4      | Reached skill level 1 in Slings
   474 | D:4      | Reached skill level 1 in Bows
   474 | D:4      | Reached skill level 1 in Crossbows
   474 | D:4      | Reached skill level 1 in Armour
   474 | D:4      | Reached skill level 1 in Shields
   474 | D:4      | Reached skill level 1 in Unarmed Combat
   474 | D:4      | Reached skill level 1 in Invocations
   474 | D:4      | Reached skill level 1 in Evocations
   474 | D:4      | Reached XP level 4. HP: 39/41 MP: 11/11
   516 | D:4      | Reached skill level 1 in Conjurations
   516 | D:4      | Reached skill level 1 in Charms
   516 | D:4      | Reached skill level 1 in Summonings
   516 | D:4      | Reached skill level 1 in Necromancy
   516 | D:4      | Reached skill level 1 in Translocations
   516 | D:4      | Reached skill level 1 in Transmutations
   516 | D:4      | Reached skill level 1 in Fire Magic
   516 | D:4      | Reached skill level 1 in Ice Magic
   516 | D:4      | Reached skill level 1 in Air Magic
   516 | D:4      | Reached skill level 1 in Earth Magic
   516 | D:4      | Reached skill level 1 in Poison Magic
   531 | D:4      | Reached XP level 5. HP: 30/47 MP: 12/12
   550 | D:5      | Entered Level 5 of the Dungeon
   579 | D:5      | Noticed an ogre
   591 | D:5      | Killed an ogre
   591 | D:5      | Reached skill level 3 in Polearms
   591 | D:5      | Reached skill level 3 in Throwing
   591 | D:5      | Reached skill level 3 in Dodging
   623 | D:6      | Reached XP level 6. HP: 37/53 MP: 13/13
   645 | D:6      | Reached skill level 3 in Stealth
   645 | D:6      | Reached skill level 2 in Invocations
   679 | D:6      | Noticed a phantom
   682 | D:6      | Noticed Duvessa
   684 | D:6      | Noticed Eustachio
   686 | D:6      | Reached skill level 2 in Short Blades
   686 | D:6      | Reached skill level 2 in Long Blades
   686 | D:6      | Reached skill level 2 in Axes
   686 | D:6      | Reached skill level 2 in Maces & Flails
   686 | D:6      | Reached skill level 2 in Staves
   686 | D:6      | Reached skill level 2 in Slings
   686 | D:6      | Reached skill level 2 in Bows
   686 | D:6      | Reached skill level 2 in Crossbows
   686 | D:6      | Reached skill level 2 in Armour
   686 | D:6      | Reached skill level 2 in Shields
   686 | D:6      | Reached skill level 2 in Unarmed Combat
   686 | D:6      | Reached skill level 2 in Evocations
   687 | D:6      | Gained mutation: Your natural rate of healing is unusually fast. [potion of mutation]
   687 | D:6      | Gained mutation: You are frail. (-10% HP) [potion of mutation]
   687 | D:6      | Gained mutation: Scrolls take you a little longer to read. [potion of mutation]
   687 | D:6      | Gained mutation: You are surrounded by a mild repulsion field. (EV +2) [potion of mutation]
   702 | D:6      | HP: 3/47 [bullfrog (9)]
   704 | D:6      | Reached XP level 7. HP: 17/53 MP: 12/15
   713 | D:6      | Killed Eustachio
   713 | D:6      | Reached skill level 7 in Fighting
   713 | D:6      | Reached skill level 2 in Conjurations
   713 | D:6      | Reached skill level 2 in Charms
   713 | D:6      | Reached skill level 2 in Summonings
   713 | D:6      | Reached skill level 2 in Necromancy
   713 | D:6      | Reached skill level 2 in Translocations
   713 | D:6      | Reached skill level 2 in Transmutations
   713 | D:6      | Reached skill level 2 in Fire Magic
   713 | D:6      | Reached skill level 2 in Ice Magic
   713 | D:6      | Reached skill level 2 in Air Magic
   713 | D:6      | Reached skill level 2 in Earth Magic
   713 | D:6      | Reached skill level 2 in Poison Magic
   731 | D:6      | Killed Duvessa
   731 | D:6      | Reached skill level 3 in Hexes
   741 | D:6      | Noticed Dowan
   751 | D:6      | Killed Dowan
   751 | D:6      | Reached skill level 3 in Invocations
   781 | D:6      | Reached XP level 8. HP: 33/60 MP: 16/16
   784 | D:6      | Learned a level 1 spell: Apportation
   795 | D:6      | Noticed Prince Ribbit
   905 | D:6      | Killed Prince Ribbit
   905 | D:6      | Reached skill level 3 in Short Blades
   905 | D:6      | Reached skill level 3 in Long Blades
   905 | D:6      | Reached skill level 3 in Axes
   905 | D:6      | Reached skill level 3 in Maces & Flails
   905 | D:6      | Reached skill level 4 in Polearms
   905 | D:6      | Reached skill level 3 in Staves
   905 | D:6      | Reached skill level 3 in Slings
   905 | D:6      | Reached skill level 3 in Bows
   905 | D:6      | Reached skill level 3 in Crossbows
   905 | D:6      | Reached skill level 4 in Throwing
   905 | D:6      | Reached skill level 3 in Armour
   905 | D:6      | Reached skill level 4 in Dodging
   905 | D:6      | Reached skill level 4 in Stealth
   905 | D:6      | Reached skill level 3 in Shields
   905 | D:6      | Reached skill level 3 in Unarmed Combat
   905 | D:6      | Reached skill level 3 in Evocations
   913 | D:6      | Reached skill level 6 in Spellcasting
  1146 | D:5      | Found a glowing golden altar of the Shining One.
  1200 | D:6      | Noticed Sigmund
  1211 | D:6      | Killed Sigmund
  1223 | D:6      | Noticed Edmund
  1235 | D:6      | Killed Edmund
  1245 | D:6      | Learned a level 3 spell: Spider Form
  1247 | D:6      | Learned a level 1 spell: Animate Skeleton
  1249 | D:6      | Learned a level 1 spell: Confusing Touch
  1313 | D:7      | Found a staircase to the Ecumenical Temple.
  1317 | Temple   | Entered the Ecumenical Temple
  1334 | Temple   | Became a worshipper of Cheibriados the Contemplative
  1351 | D:7      | Noticed a dagger
  1352 | D:7      | Found a hide-covered altar of Uskayaw.
  1352 | D:7      | Noticed a dagger
  1405 | D:8      | Noticed a two-headed ogre
  1418 | D:8      | Mangled by a two-headed ogre

Skill      XL: |  1  2  3  4  5  6  7  8 |
---------------+-------------------------+-----
Hexes          | 2 3 |  3.7
Spellcasting   | 5 6 |  6.2
Short Blades   | 1 2 3 |  3.5
Long Blades    | 1 2 3 |  3.5
Axes           | 1 2 3 |  3.5
Maces & Flails | 1 2 3 |  3.5
Staves         | 1 2 3 |  3.5
Slings         | 1 2 3 |  3.5
Bows           | 1 2 3 |  3.5
Crossbows      | 1 2 3 |  3.5
Armour         | 1 2 3 |  3.5
Shields        | 1 2 3 |  3.5
Unarmed Combat | 1 2 3 |  3.5
Invocations    | 1 2 3 |  3.9
Evocations     | 1 2 3 |  3.5
Conjurations   | 1 2 |  2.9
Charms         | 1 2 |  2.9
Summonings     | 1 2 |  2.9
Necromancy     | 1 2 |  2.9
Translocations | 1 2 |  2.9
Transmutations | 1 2 |  2.9
Fire Magic     | 1 2 |  2.9
Ice Magic      | 1 2 |  2.9
Air Magic      | 1 2 |  2.9
Earth Magic    | 1 2 |  2.9
Poison Magic   | 1 2 |  2.9
Polearms       | 3 4 |  4.4
Throwing       | 3 4 |  4.4
Dodging        | 3 4 |  4.4
Stealth        | 3 4 |  4.3
Fighting       | 7 |  7.5

Action                   |  1- 3 |  4- 6 |  7- 9 || total
-------------------------+-------+-------+-------++-------
Melee: Spear             |    60 |       |       ||    60
       Bite              |     2 |     9 |    29 ||    40
       Dagger            |     3 |    85 |    78 ||   166
       Rapier            |       |       |   134 ||   134
       Unarmed           |       |       |     8 ||     8
       Flail             |       |       |     5 ||     5
       Punch             |       |       |     2 ||     2
Throw: Stone             |       |     1 |     2 ||     3
 Cast: Sticks to Snakes  |       |     2 |     4 ||     6
       Passwall          |       |       |     3 ||     3
       Apportation       |       |       |     1 ||     1
       Spider Form       |       |       |     1 ||     1
       Confusing Touch   |       |       |     1 ||     1
  Use: Scroll            |     4 |       |     4 ||     8
       Potion            |       |     5 |       ||     5
 Stab: Sleeping          |     3 |       |       ||     3
       Invisible         |       |       |     7 ||     7
       Distracted        |       |       |     1 ||     1
  Eat: Chunk             |       |       |     2 ||     2
Armor: Robe              |     1 |     8 |    40 ||    49
Dodge: Dodged            |    20 |    41 |   161 ||   222

Table legend:
 A = Turns spent in this place as a percentage of turns spent in the entire game.
 B = Non-inter-level travel turns spent in this place as a percentage of non-inter-level travel turns spent in the entire game.
 C = Inter-level travel turns spent in this place as a percentage of turns spent in this place.
 D = Turns resting spent in this place as a percentage of non-inter-level travel turns spent in this place.
 E = Turns spent auto-exploring this place as a percentage of non-inter-level travel turns spent in this place.
 F = Non-inter-level travel turns spent in this place divided by the number of levels of this place that you've seen.
                   A       B       C       D       E      F
               +-------+-------+-------+-------+-------+----------------------
         Total | 100.0 | 100.0 |   0.8 |   0.0 |   0.0 | 156.3
       Dungeon |  97.8 |  98.6 |   0.0 |   0.0 |   0.0 | 173.4
        Temple |   2.2 |   1.4 |  35.5 |   0.0 |   0.0 |  20.0
               +-------+-------+-------+-------+-------+----------------------

Table legend:
 A = Kills in this place as a percentage of kills in entire the game.
 B = Kills by you in this place as a percentage of kills by you in the entire game.
 C = Kills by friends in this place as a percentage of kills by friends in the entire game.
 D = Other kills in this place as a percentage of other kills in the entire game.
 E = Experience gained in this place as a percentage of experience gained in the entire game.
 F = Experience gained in this place divided by the number of levels of this place that you have seen.
                   A       B       C       D       E      F
               +-------+-------+-------+-------+-------+----------------------
         Total | 100.0 | 100.0 | 100.0 |   N/A | 100.0 | 244.7
       Dungeon | 100.0 | 100.0 | 100.0 |   N/A | 100.0 | 275.2
               +-------+-------+-------+-------+-------+----------------------

Vault maps used:
D:1:      elethiomel_arrival_infinity_welcomes_careful_drivers,
          minmay_close_crescents
D:3:      gammafunk_wand_slinger
D:4:      first_ration, hangedman_ru_absence
D:5:      nicolae_tso_besieged_by_evil
D:6:      kennysheep_little_box, columned_hall_lemuel, sigmund_edmund_badplayer,
          uniq_prince_ribbit1, uniq_duvessa, uniq_eustachio
D:7:      kennysheep_mini, dancing_weapons_uskayaw,
          minmay_temple_entry_statues_fountains, kb_lookout_dungeons_type,
          lemuel_tele_altar
D:8:      nicolae_qazlal_general_emergency, serial_shops,
          nicolae_shop_waterfront, nicolae_shop_crystal
Temple:   hc_temple_tempest_star
